Map: Ever Dream LE

Players

Vindicta

  • Race: Terran Terran
  • League: Master
  • Spawn Location: 1:00

Namshar - Winner!

  • Race: Zerg Zerg
  • League: Grandmaster
  • Spawn Location: 7:00

Event: DreamHack SC2 Masters 2020 Fall

VOD

Have the link to the VOD?

Description

Time

  • Played on: Sept. 2, 2020, 3:43 p.m.
  • Length: 30:56

All games in this series

Show
View Real Time Build Order
Export as new Build Order

Vindicta Terran 

Build Orders: Reaper Expand 

Get SALT Encoding   

  12  0:00  SCV  
  13  0:12  SCV  
  14  0:17  Supply Depot  
  14  0:24  SCV  
  15  0:38  SCV  
  15  0:40  Barracks  
  16  0:44  Refinery  
  16  0:51  SCV  
  17  1:03  SCV  
  18  1:15  SCV  
  19  1:28  Reaper, Orbital Command  
  20  1:39  Command Center  
  20  1:49  Supply Depot  
  21  1:54  SCV  
  21  2:00  Marine  
  22  2:06  SCV  
  23  2:12  Factory  
  23  2:17  Marine  
  23  2:18  SCV  
  25  2:30  SCV  
  26  2:39  Command Center  
  26  2:43  Barracks Reactor  
  26  2:45  SCV  
  27  2:51  Orbital Command  
  27  2:59  Hellion  
  29  3:05  Barracks  
  29  3:08  SCV  
  30  3:17  SCV  
  31  3:20  SCV  
  31  3:25  Barracks Reactor  
  34  3:27  Hellion x2  
  34  3:29  SCV  
  34  3:32  SCV  
  38  3:41  SCV  
  38  3:44  SCV  
  42  3:48  Hellion x2  
  42  3:53  SCV, Barracks Tech Lab  
  42  3:55  Orbital Command  
  45  3:56  SCV  
  45  4:01  Marine x2  
  45  4:02  Starport  
  48  4:05  SCV  
  48  4:08  SCV  
  52  4:10  Supply Depot, Hellion  
  52  4:11  Stimpack  
  52  4:17  SCV  
  52  4:20  SCV  
  52  4:21  SCV, Marine  
  56  4:27  Refinery, Marine  
  56  4:29  SCV  
  58  4:32  Supply Depot  
  58  4:33  SCV  
  58  4:34  SCV  
  58  4:35  Marine  
  61  4:39  Marine  
  61  4:42  SCV  
  61  4:45  SCV  
  64  4:47  Refinery  
  64  4:48  Refinery  
  64  4:49  Engineering Bay  
  64  4:50  Engineering Bay, Marine  
  65  4:53  Marine  
  65  4:54  Medivac  
  65  4:58  Supply Depot  
  68  5:04  Marine  
  68  5:05  SCV, Medivac  
  68  5:06  SCV x2  
  74  5:08  Marine  
  74  5:11  Marine  
  74  5:14  Barracks  
  76  5:18  SCV, Armory  
  77  5:21  Marine  
  77  5:23  Supply Depot  
  77  5:25  SCV, Orbital Command  
  77  5:26  Marine  
  77  5:28  Factory Reactor  
  80  5:29  Marine  
  81  5:39  Marine  
  81  5:40  Barracks  
  81  5:42  Barracks  
  82  5:43  Marine  
  82  5:47  Marine  
  82  5:48  Supply Depot  
  84  5:51  SCV x2, Combat Shield  
  84  5:52  SCV  
  87  5:57  Marine  
  87  6:01  Marine  
  87  6:03  SCV  
  90  6:10  Medivac  
  90  6:11  Medivac  
  94  6:12  SCV x2  
  94  6:14  Factory Reactor  
  94  6:16  Terran Infantry Weapons Level 1, Terran Infantry Armor Level 1  
  96  6:24  Marine x3  
  85  6:25  SCV  
  85  6:26  SCV x2  
  85  6:27  Marine  
  85  6:29  Barracks Reactor  
  85  6:30  Barracks Reactor, Marine  
  90  6:33  Supply Depot x2  
  90  6:38  SCV  
  90  6:39  SCV x2  
  93  6:41  Refinery  
  93  6:42  Marine x3  
  93  6:45  Medivac, Factory  
  93  6:46  Marine  
  99  6:52  Marine  
  97  6:55  Widow Mine x2  
  97  6:56  SCV, Missile Turret  
  97  6:58  Missile Turret  
  97  7:00  Marine  
  97  7:01  Marine  
  104  7:02  SCV  
  104  7:04  SCV  
  104  7:06  Marine  
  104  7:07  Supply Depot, Marine  
  108  7:08  SCV  
  108  7:10  Marine  
  108  7:12  Marine  
  108  7:14  SCV  
  112  7:18  Supply Depot  
  112  7:19  Marine  
  112  7:20  SCV  
  112  7:22  Widow Mine x2  
  117  7:27  Supply Depot  
  117  7:29  Factory Tech Lab  
  116  7:30  Supply Depot  
  116  7:31  Terran Vehicle And Ship Armor Level 1  
  116  7:32  SCV  
  116  7:33  Marine  
  118  7:39  SCV  
  118  7:40  Marine  
  118  7:42  Marine x2  
  118  7:43  Marine  
  118  7:44  Widow Mine, Marine x2  
  124  7:49  Drilling Claws, Widow Mine  
  127  7:55  Marine, Widow Mine  
  130  8:05  Widow Mine  
  130  8:06  Marine  
  130  8:10  Command Center, Sensor Tower  
  130  8:11  Widow Mine  
  134  8:14  Bunker  
  134  8:15  Medivac x2, Marine  
  134  8:18  Terran Infantry Weapons Level 2  
  134  8:19  Terran Infantry Armor Level 2  
  137  8:24  Marine x2  
  139  8:28  Widow Mine  
  139  8:31  Supply Depot, Widow Mine  
  139  8:34  Marine  
  144  8:36  Marine  
  138  8:44  Marine  
  138  8:46  Marine  
  138  8:47  Marine  
  138  8:48  Widow Mine  
  141  8:49  Marine x2  
  143  8:55  Supply Depot x2  
  143  8:56  Widow Mine x2, Barracks  
  143  8:58  Marine, Barracks  
  143  9:00  Marine  
  143  9:02  Marine  
  146  9:06  SCV x2  
  146  9:07  Refinery  
  146  9:09  Marine x2, Widow Mine  
  148  9:14  Marine  
  148  9:15  Marauder, Marine  
  148  9:16  SCV  
  153  9:17  Widow Mine x2  
  153  9:20  Marine x2  
  153  9:21  SCV  
  153  9:23  SCV  
  158  9:26  Planetary Fortress  
  158  9:27  Sensor Tower  
  158  9:30  Widow Mine  
  160  9:33  SCV  
  160  9:34  Marine  
  160  9:37  Marauder, Marine  
  165  9:39  Widow Mine  
  165  9:42  SCV  
  165  9:43  Widow Mine, Marine x2  
  170  9:45  Medivac  
  170  9:46  Medivac  
  170  9:48  Barracks Tech Lab x2  
  174  10:00  Command Center, Marauder, Marine x2  
  177  10:12  Marauder, Marine  
  180  10:15  Widow Mine, Marine  
  180  10:16  Marauder  
  180  10:17  Marine  
  180  10:18  Marine x2  
  187  10:26  Marine  
  187  10:27  Terran Vehicle And Ship Armor Level 2  
  188  10:29  Supply Depot  
  188  10:34  Marauder  
  188  10:37  Widow Mine  
  188  10:38  Command Center  
  188  10:39  Widow Mine  
  188  10:51  Widow Mine  
  188  10:52  Terran Infantry Weapons Level 3  
  188  10:53  Terran Infantry Armor Level 3  
  188  10:57  Command Center  
  190  10:59  Ghost Academy  
  190  11:00  Widow Mine, Marine x2  
  190  11:02  Marine, Widow Mine  
  189  11:08  Marauder, Marine  
  189  11:09  Marine  
  179  11:13  Widow Mine  
  179  11:16  Marauder, Marine x3  
  179  11:17  Liberator  
  179  11:18  Marine  
  176  11:21  Marine x2, Widow Mine  
  176  11:24  Widow Mine  
  171  11:29  Marine  
  163  11:33  Marine x3  
  163  11:34  Marauder, Widow Mine  
  163  11:35  Marine  
  163  11:36  Marine  
  163  11:37  Marauder  
  163  11:38  Marine  
  174  11:41  Personal Cloaking  
  174  11:43  SCV, Widow Mine  
  174  11:44  Refinery x2  
  174  11:45  Medivac, Widow Mine, Marine  
  176  11:48  Planetary Fortress  
  176  11:51  Marauder  
  176  11:53  Orbital Command  
  178  11:54  Marine  
  178  11:55  Marauder, Marine  
  178  11:59  Marauder  
  184  12:01  Marine x2  
  184  12:07  SCV, Marine x3  
  184  12:08  Widow Mine  
  192  12:12  Marine  
  192  12:13  Marauder  
  192  12:14  Marine x2, Widow Mine  
  177  12:23  Widow Mine  
  177  12:24  Marauder x2, Marine x2  
  177  12:25  Marine  
  177  12:26  Marine x2  
  177  12:29  Widow Mine  
  184  12:30  Marine  
  184  12:31  Marine  
  184  12:32  Marine  
  184  12:34  Marauder  
  184  12:36  Widow Mine  
  188  12:41  Marine  
  188  12:42  Marine  
  188  12:43  Marine x2  
  188  12:44  Marine, Starport, Liberator x2  
  193  12:46  Fusion Core  
  189  12:52  Marauder, Marine x2, Widow Mine  
  189  12:53  Marauder, Marine  
  189  12:55  Orbital Command  
  200  13:02  Command Center  
  195  13:07  Widow Mine, Marine  
  195  13:08  Marauder  
  193  13:15  Marine x2  
  199  13:21  Barracks  
  199  13:23  Widow Mine  
  195  13:27  Medivac x2, Widow Mine  
  195  13:29  Marine x3  
  195  13:31  Ghost x2  
  172  13:35  Advanced Ballistics  
  172  13:36  Terran Ship Weapons Level 1, Nuke  
  172  13:38  SCV x3  
  172  13:41  Starport Reactor  
  175  13:48  SCV x3  
  175  13:49  Sensor Tower  
  175  13:50  SCV x3, Missile Turret  
  175  13:51  Missile Turret  
  175  13:53  Unknown  
  181  13:57  Medivac  
  181  13:59  Ghost, Siege Tank  
  181  14:01  Liberator  
  187  14:03  Marine  
  187  14:04  Marine  
  181  14:10  Barracks Tech Lab  
  181  14:11  Ghost  
  181  14:13  Barracks Tech Lab  
  162  14:18  Marine x2  
  145  14:25  SCV  
  144  14:31  Ghost, Orbital Command  
  144  14:32  Widow Mine  
  144  14:33  Ghost  
  144  14:35  SCV  
  144  14:37  SCV  
  148  14:40  Marine  
  148  14:41  Marine  
  148  14:45  Ghost, Widow Mine  
  148  14:53  Widow Mine  
  154  15:00  Ghost  
  154  15:01  Unknown  
  154  15:05  Ghost Academy, Liberator  
  157  15:13  SCV  
  157  15:14  Planetary Fortress, Command Center  
  158  15:18  Neosteel Armor  
  154  15:25  Ghost  
  154  15:29  Factory Tech Lab  
  154  15:33  Ghost  
  147  15:36  Marine  
  147  15:37  Marauder  
  147  15:38  Marine x2  
  147  15:39  Marauder, Marine x2  
  153  15:43  Siege Tank  
  155  15:54  Marine x2  
  155  15:56  Marine x3, Nuke  
  155  15:57  Marine  
  160  15:58  Marine, Nuke  
  160  16:01  Liberator  
  163  16:06  Ghost  
  163  16:10  Medivac  
  166  16:12  Marine  
  166  16:14  Marine  
  166  16:15  Siege Tank  
  166  16:17  Terran Vehicle Weapons Level 1  
  168  16:20  Marine x2  
  168  16:24  Siege Tank  
  170  16:25  Missile Turret  
  170  16:27  Missile Turret  
  169  16:38  Ghost  
  171  16:40  Medivac  
  171  16:44  Unknown, Medivac  
  177  16:48  Orbital Command  
  174  16:55  Ghost  
  174  16:56  Ghost  
  174  16:58  Ghost  
  174  16:59  Refinery  
  172  17:13  Command Center  
  172  17:16  Ghost  
  176  17:24  Liberator  
  176  17:25  Liberator  
  176  17:28  Siege Tank  
  181  17:32  Ghost  
  181  17:35  Missile Turret  
  183  17:37  Ghost  
  183  17:43  Siege Tank  
  186  17:49  Ghost  
  172  17:52  Marine  
  172  17:53  Marauder  
  172  17:55  Nuke  
  175  18:00  Siege Tank  
  175  18:03  Missile Turret  
  178  18:06  Ghost  
  178  18:07  Marine  
  178  18:11  Marine x2  
  178  18:25  Ghost, Siege Tank  
  164  18:29  SCV x3  
  164  18:31  SCV x2  
  164  18:32  Orbital Command, Siege Tank  
  168  18:35  Marine  
  168  18:36  Marauder  
  168  18:38  Liberator  
  168  18:39  Liberator  
  173  18:42  SCV x2  
  173  18:48  Planetary Fortress  
  175  18:52  Marine  
  176  18:57  SCV x2, Refinery x2, Siege Tank  
  176  18:58  Marine  
  176  18:59  Marine  
  176  19:00  Marauder  
  183  19:10  Ghost  
  183  19:12  SCV x2  
  183  19:13  Marine  
  183  19:14  Ghost  
  190  19:18  Sensor Tower  
  190  19:20  Missile Turret x2  
  190  19:21  Ghost  
  185  19:28  SCV x3, Orbital Command  
  185  19:29  SCV x2  
  172  19:40  SCV x3  
  172  19:41  SCV x2, Siege Tank  
  180  19:49  Nuke  
  180  19:51  Nuke  
  180  19:52  SCV x3, Siege Tank  
  184  19:55  SCV  
  186  20:04  Missile Turret  
  186  20:05  Missile Turret  
  186  20:06  Ghost  
  185  20:07  Sensor Tower  
  185  20:13  Siege Tank  
  173  20:22  Marine  
  173  20:24  SCV, Siege Tank  
  167  20:31  SCV x2  
  167  20:32  Orbital Command  
  167  20:33  SCV x2  
  164  20:39  SCV  
  164  20:40  Marine  
  164  20:41  Marine x2  
  167  20:43  SCV x2  
  167  20:45  Siege Tank  
  167  20:47  Bunker  
  172  20:50  Ghost  
  172  20:51  Ghost  
  172  20:53  Nuke  
  172  20:56  Siege Tank  
  177  20:58  Sensor Tower  
  177  21:01  SCV x2  
  177  21:02  SCV x2  
  178  21:06  Marine x2  
  178  21:07  Marine x2  
  178  21:09  Terran Vehicle Weapons Level 2  
  182  21:13  SCV x2  
  182  21:17  Siege Tank  
  182  21:18  Missile Turret x2  
  185  21:19  Missile Turret  
  185  21:20  Missile Turret, Marauder  
  185  21:21  Liberator  
  189  21:28  Siege Tank  
  189  21:29  Marine  
  189  21:30  Missile Turret  
  187  21:44  Marine x3  
  187  21:45  Marauder x2  
  196  21:49  Siege Tank  
  196  21:52  Nuke  
  194  22:01  Orbital Command, Siege Tank  
  173  22:05  Marine x3  
  173  22:06  Marauder x2  
  173  22:07  SCV x2  
  150  22:09  Marine x3  
  150  22:15  SCV  
  154  22:21  Siege Tank  
  157  22:26  SCV x3  
  157  22:27  Bunker  
  157  22:28  Bunker x2  
  158  22:31  SCV, Command Center  
  158  22:33  SCV x2, Siege Tank  
  164  22:38  SCV x2  
  164  22:39  SCV  
  168  22:49  Orbital Command  
  167  22:51  Sensor Tower  
  167  22:54  Siege Tank  
  169  23:05  Siege Tank  
  165  23:09  SCV  
  165  23:11  Marine  
  165  23:12  Marine  
  161  23:14  Marine x2  
  161  23:16  SCV x2, Marine  
  161  23:18  SCV  
  161  23:19  SCV  
  150  23:21  SCV  
  150  23:26  Siege Tank  
  148  23:28  SCV x2  
  148  23:30  SCV  
  148  23:32  SCV  
  148  23:33  SCV  
  153  23:37  Siege Tank  
  153  23:40  SCV  
  153  23:41  SCV  
  155  23:42  SCV  
  155  23:44  SCV  
  155  23:45  SCV  
  155  23:53  SCV x2  
  155  23:54  SCV  
  158  23:56  SCV  
  158  23:57  SCV, Nuke  
  158  23:58  Siege Tank  
  158  24:02  Refinery  
  161  24:09  Siege Tank  
  150  24:19  Marine x2  
  150  24:21  Marine  
  150  24:22  Orbital Command  
  138  24:26  Marine x3  
  138  24:30  Siege Tank  
  143  24:33  Marine  
  143  24:37  Marine x2  
  145  24:39  Marine  
  145  24:41  Siege Tank  
  145  24:42  SCV x2  
  145  24:43  SCV  
  152  24:52  Marine  
  153  25:02  Marine, Siege Tank  
  153  25:03  Marauder, Marine  
  153  25:04  Marine, Liberator x2  
  153  25:05  Marine x2  
  162  25:10  Marine  
  162  25:13  Siege Tank  
  166  25:14  SCV  
  166  25:16  SCV x2  
  166  25:20  Marine x2  
  171  25:22  Marine  
  175  25:36  Barracks Tech Lab  
  175  25:38  SCV  
  175  25:42  Orbital Command  
  175  25:48  Marine  
  175  25:49  Marine x3  
  181  25:50  Marine x2  
  181  25:53  Sensor Tower  
  181  25:56  Marine  
  141  26:00  Liberator x2  
  141  26:02  Liberator x2  
  138  26:06  Marine x2  
  138  26:07  Marine x4  
  138  26:08  SCV  
  138  26:09  SCV x2  
  147  26:11  SCV  
  147  26:13  SCV  
  147  26:14  Marine  
  150  26:23  Marine  
  151  26:31  Ghost  
  150  26:32  Siege Tank  
  150  26:33  Marine x2  
  150  26:39  Siege Tank  
  140  26:44  Marine  
  128  26:48  Marine x2  
  128  26:52  Marine  
  126  26:59  SCV x2  
  126  27:01  SCV  
  130  27:04  Siege Tank  
  130  27:08  Marine  
  134  27:11  SCV  
  135  27:16  Nuke  
  135  27:17  SCV x2  
  135  27:19  SCV x2  
  121  27:39  SCV x4  
  121  27:40  SCV  
  125  27:45  Liberator x2  
  125  27:49  Liberator  
  125  27:51  SCV  
  132  27:52  Orbital Command  
  132  27:54  Liberator  
  135  27:59  Marine  
  135  28:03  SCV x2  
  138  28:08  Marine  
  138  28:09  Marine  
  140  28:18  Orbital Command  
  129  28:28  Liberator  
  106  28:37  Marine x2  
  106  28:38  Marine  
  93  28:43  Marine  
  93  28:47  Siege Tank  
  86  28:52  Marine  
  86  28:53  Marine  
  86  28:55  Marine x2  
  82  28:57  Marine  
  82  29:01  Marine  
  82  29:03  SCV  
  82  29:07  Orbital Command  
  79  29:10  SCV, Marine  
  79  29:11  Marine  
  82  29:17  Marine x2  
  82  29:20  Marine x2  
  86  29:28  Marine  
  86  29:29  Marine  
  88  29:35  Marine x2  
  88  29:37  Marine  
  88  29:38  Marine  
  87  29:46  Ghost, Marine  
  69  29:53  Marine  
  69  29:55  Marine x2  
  69  29:56  Marine  
  68  30:03  Marine  
  68  30:05  SCV  
  70  30:11  Marine  
  70  30:12  Marine  
  70  30:13  Marine  
  73  30:14  Marine  
  73  30:15  Marine  
  75  30:21  Marine  
  75  30:27  Refinery  
  67  30:29  Marine  
  67  30:30  Marine  
  67  30:31  Marine  
  67  30:32  Marine  
  67  30:33  Marine  
  67  30:34  SCV  
  72  30:39  Refinery  
Show
View Real Time Build Order
Export as new Build Order

Namshar Zerg - Winner!

Build Orders: Hatch First, Lurkers 

Get SALT Encoding   

  12  0:00  Drone  
  13  0:12  Overlord  
  13  0:17  Drone  
  14  0:30  Drone x2  
  16  0:46  Hatchery  
  15  0:50  Drone  
  15  0:53  Drone  
  17  0:57  Drone  
  18  1:08  Extractor  
  17  1:12  Spawning Pool  
  17  1:15  Drone  
  17  1:18  Drone  
  18  1:27  Drone  
  19  1:38  Drone  
  20  1:49  Drone  
  21  1:59  Queen x2  
  21  2:00  Zergling x4  
  27  2:15  Hatchery  
  26  2:18  Overlord  
  26  2:20  Drone  
  27  2:23  Drone  
  27  2:29  Metabolic Boost  
  28  2:37  Drone x3  
  31  2:48  Overlord, Drone  
  32  2:51  Queen  
  32  2:55  Drone  
  35  3:00  Drone  
  36  3:12  Drone x5  
  41  3:13  Queen  
  41  3:17  Drone  
  44  3:21  Overlord  
  44  3:26  Queen  
  46  3:30  Queen  
  46  3:32  Drone  
  49  3:39  Drone  
  49  3:40  Overlord  
  50  3:41  Overlord  
  50  3:43  Drone  
  50  3:47  Zergling x4  
  53  3:49  Drone  
  53  3:50  Drone  
  53  3:54  Overlord  
  55  3:56  Queen  
  57  4:09  Drone x8  
  65  4:12  Overlord  
  65  4:19  Lair  
  65  4:20  Baneling Nest  
  65  4:21  Zergling x2  
  65  4:26  Zergling x8  
  69  4:32  Drone  
  69  4:34  Spore Crawler, Drone  
  69  4:36  Spore Crawler  
  69  4:37  Zergling x4  
  71  4:47  Drone x6  
  77  4:53  Extractor  
  77  4:54  Extractor  
  77  4:59  Drone x5  
  79  5:06  Overlord x2  
  79  5:13  Zergling x2  
  80  5:18  Zergling x4  
  80  5:20  Hatchery  
  81  5:24  Centrifical Hooks  
  81  5:26  Zergling x16  
  81  5:27  Zergling x2, Evolution Chamber  
  89  5:28  Evolution Chamber  
  89  5:31  Overlord x2  
  89  5:34  Baneling x4  
  88  5:45  Zergling x10  
  92  5:54  Zergling x2  
  92  5:55  Zergling x6  
  96  5:59  Baneling x5  
  96  6:00  Queen  
  97  6:06  Zergling x4  
  97  6:07  Zergling x12  
  97  6:08  Baneling x2  
  105  6:11  Baneling x5  
  105  6:16  Baneling  
  104  6:24  Drone  
  104  6:25  Drone x8  
  97  6:36  Zerg Ground Armor Level 1  
  97  6:39  Queen, Extractor  
  95  6:45  Zergling x12  
  95  6:46  Zergling x8  
  97  6:57  Drone  
  97  6:58  Drone x4, Extractor  
  97  7:00  Zergling x6  
  104  7:12  Overlord x4  
  104  7:13  Drone  
  104  7:15  Queen  
  103  7:16  Hatchery, Drone  
  103  7:18  Hydralisk Den  
  104  7:23  Drone x7  
  104  7:26  Baneling x4  
  111  7:30  Drone x4  
  115  7:37  Baneling x2  
  115  7:38  Zergling x2, Baneling  
  115  7:39  Zergling x12  
  120  7:48  Zergling x4  
  122  7:55  Zergling x10  
  122  7:57  Hatchery  
  122  7:58  Baneling x9  
  126  8:04  Zergling x6  
  127  8:09  Muscular Augments  
  124  8:15  Overseer x2  
  124  8:17  Drone x2  
  124  8:18  Drone x2  
  124  8:19  Extractor  
  127  8:21  Baneling x2  
  127  8:22  Overseer x2  
  127  8:24  Drone x3  
  127  8:26  Overlord x2  
  130  8:29  Hydralisk x5  
  134  8:44  Hydralisk x8  
  148  8:50  Drone x2  
  148  8:52  Overlord x2, Extractor  
  148  8:53  Zergling x2  
  148  8:54  Zergling x8  
  154  9:00  Zergling x2  
  154  9:08  Pneumatized Carapace  
  154  9:09  Zerg Ground Armor Level 2  
  153  9:11  Zerg Melee Weapons Level 1  
  153  9:14  Drone  
  153  9:16  Evolution Chamber, Drone x2  
  151  9:20  Grooved Spines  
  146  9:24  Zergling x2  
  146  9:25  Zergling x28  
  146  9:27  Queen  
  162  9:38  Unknown  
  160  9:45  Drone  
  160  9:46  Drone  
  160  9:47  Infestation Pit  
  160  9:48  Zerg Missile Weapons Level 1  
  160  9:51  Drone x2  
  160  9:52  Drone  
  164  9:54  Baneling  
  164  9:55  Overlord x3  
  164  9:56  Overlord  
  164  9:57  Zergling x14  
  171  10:05  Hatchery  
  170  10:08  Zergling x2  
  170  10:10  Zergling x2  
  167  10:14  Drone x2  
  167  10:15  Drone  
  167  10:20  Drone x3  
  171  10:24  Zergling x42  
  171  10:25  Spore Crawler  
  171  10:27  Baneling x4  
  186  10:38  Hydralisk  
  186  10:39  Hydralisk x5  
  192  10:43  Hive  
  192  10:46  Baneling  
  192  10:47  Baneling  
  192  10:48  Drone  
  193  10:52  Lurker Den  
  193  10:53  Baneling  
  193  10:54  Baneling x9  
  193  10:56  Zergling x14  
  184  11:08  Zergling x26  
  190  11:17  Zergling x2  
  190  11:18  Zergling x14  
  188  11:20  Zergling x4  
  188  11:22  Queen  
  188  11:25  Drone x2  
  193  11:29  Zergling x6  
  194  11:35  Queen  
  193  11:45  Drone x3  
  193  11:46  Drone x4  
  180  11:48  Baneling x4  
  180  11:49  Baneling x2  
  180  11:50  Zergling x10  
  180  11:53  Overlord  
  185  11:56  Hatchery  
  185  11:58  Queen  
  185  12:04  Baneling x10  
  185  12:06  Baneling x12  
  183  12:22  Zergling x28  
  178  12:23  Zergling x14  
  178  12:25  Overseer x2  
  181  12:31  Drone x4  
  181  12:39  Overlord  
  181  12:40  Spore Crawler, Zerg Missile Weapons Level 2, Seismic Spines  
  181  12:41  Zerg Melee Weapons Level 2  
  180  12:46  Zerg Ground Armor Level 3  
  175  12:53  Overseer  
  173  12:58  Hatchery  
  173  13:01  Lurker x9  
  176  13:22  Hydralisk  
  176  13:23  Zergling x24  
  177  13:35  Baneling  
  177  13:36  Baneling x7  
  177  13:37  Adaptive Talons, Hydralisk  
  177  13:38  Zergling x2  
  177  13:39  Overlord x3  
  180  13:53  Hatchery  
  179  13:58  Viper x2, Overseer  
  179  13:59  Viper x2  
  179  14:00  Hydralisk  
  179  14:01  Zergling x16  
  197  14:06  Zergling x2, Hydralisk  
  197  14:07  Zergling x14  
  197  14:08  Baneling x10  
  192  14:17  Hydralisk  
  192  14:18  Zergling x14  
  194  14:28  Hydralisk  
  194  14:29  Zergling x18  
  189  14:42  Hydralisk  
  189  14:43  Zergling x16  
  176  15:00  Lurker x5  
  176  15:02  Lurker  
  176  15:03  Baneling x3  
  176  15:06  Drone x4  
  185  15:09  Overseer  
  185  15:10  Overseer  
  183  15:14  Hatchery, Baneling x5  
  182  15:24  Zergling x2, Hydralisk  
  182  15:25  Zergling x14  
  192  15:34  Spore Crawler  
  192  15:35  Spine Crawler  
  188  15:37  Zergling x10, Hydralisk  
  188  15:38  Zergling x14  
  200  15:54  Hatchery  
  200  15:55  Overlord x2  
  199  15:59  Spore Crawler  
  195  16:05  Overlord x2  
  195  16:17  Hydralisk x2  
  195  16:18  Baneling  
  195  16:19  Baneling x11  
  195  16:20  Baneling x7  
  195  16:25  Hatchery, Zergling x4, Hydralisk  
  193  16:26  Zergling x10, Baneling  
  193  16:27  Baneling x7  
  172  16:35  Lurker x5  
  172  16:37  Hydralisk x3  
  172  16:38  Zergling x20  
  191  17:00  Hydralisk  
  191  17:01  Hydralisk x3  
  193  17:03  Zerg Melee Weapons Level 3  
  193  17:04  Zerg Missile Weapons Level 3  
  198  17:32  Overseer x2  
  194  17:38  Zergling x2, Hydralisk  
  194  17:39  Zergling x6  
  179  18:08  Zergling x10, Hydralisk  
  179  18:09  Zergling x6  
  173  18:21  Hydralisk  
  173  18:22  Zergling x24  
  175  18:28  Zergling x2  
  175  18:29  Zergling x22  
  175  18:33  Drone x9  
  196  18:49  Baneling x10  
  196  18:50  Baneling x7  
  196  18:53  Baneling x8  
  196  18:56  Baneling x2  
  196  18:57  Baneling x8  
  196  18:58  Hydralisk  
  196  18:59  Zergling x4  
  200  19:07  Overseer  
  190  19:27  Hatchery  
  190  19:29  Hydralisk  
  190  19:30  Zergling x22  
  189  19:41  Zergling x18  
  189  19:42  Zergling x8  
  199  19:57  Hatchery  
  198  20:00  Spore Crawler  
  198  20:01  Spine Crawler  
  198  20:02  Spine Crawler  
  198  20:03  Baneling  
  198  20:05  Lurker x3  
  198  20:06  Lurker x2  
  185  20:15  Zergling x16, Hydralisk  
  185  20:16  Zergling x12  
  176  20:22  Hydralisk  
  176  20:23  Zergling x16  
  168  20:33  Hydralisk  
  168  20:34  Zergling x22  
  167  20:43  Baneling x14  
  167  20:44  Overseer x3  
  165  20:51  Baneling x14  
  165  20:52  Baneling x2  
  157  21:02  Hydralisk  
  157  21:03  Zergling x28  
  170  21:18  Lurker x2  
  170  21:19  Lurker x5  
  170  21:20  Lurker  
  170  21:22  Hydralisk x9  
  195  21:48  Hydralisk x2  
  195  21:53  Drone  
  180  22:03  Hatchery  
  180  22:04  Zergling x4, Hydralisk  
  180  22:05  Zergling x10  
  178  22:14  Drone x9  
  175  22:25  Hydralisk  
  175  22:26  Hydralisk x3  
  175  22:27  Overlord x2  
  175  22:29  Drone x6  
  190  22:30  Drone x4  
  190  22:31  Drone  
  190  22:32  Baneling x7  
  194  22:38  Baneling  
  194  22:39  Spore Crawler, Baneling x3  
  193  22:48  Hydralisk  
  193  22:49  Zergling x10  
  199  23:02  Zergling x12, Hydralisk  
  191  23:17  Overseer  
  180  23:22  Drone x2  
  180  23:23  Drone  
  180  23:26  Hydralisk  
  182  23:27  Zergling x16  
  185  23:48  Viper  
  185  23:49  Viper  
  185  23:54  Drone, Extractor  
  185  23:55  Hatchery, Drone x4, Extractor  
  192  23:56  Drone  
  192  24:01  Hydralisk  
  192  24:02  Zergling x8  
  200  24:06  Hatchery  
  197  24:12  Overseer x2  
  197  24:15  Zergling x12, Hydralisk  
  197  24:16  Zergling x8  
  169  24:18  Zergling x2  
  169  24:19  Zergling x26  
  170  24:31  Baneling x8  
  167  24:33  Hydralisk x5  
  167  24:34  Zergling x2, Hydralisk  
  167  24:35  Zergling x6  
  183  24:39  Extractor  
  182  24:52  Baneling x6  
  177  25:04  Lurker x7  
  175  25:13  Drone x7  
  165  25:15  Zergling x34  
  165  25:18  Baneling x6  
  182  25:22  Extractor  
  182  25:23  Extractor  
  182  25:26  Drone  
  182  25:27  Drone x8  
  186  25:34  Hydralisk  
  186  25:35  Zergling x2  
  183  25:43  Baneling  
  183  25:44  Hydralisk  
  183  25:45  Zergling x14  
  183  25:48  Zergling x2, Hydralisk  
  183  25:49  Zergling x12  
  195  25:55  Hydralisk  
  177  26:10  Drone x9  
  186  26:11  Baneling  
  186  26:12  Baneling x9  
  186  26:14  Hydralisk x2  
  186  26:16  Hydralisk  
  192  26:25  Zergling x2, Hydralisk  
  195  26:26  Zergling x8  
  190  26:43  Zergling x20, Hydralisk  
  190  26:44  Zergling x8  
  190  26:55  Hydralisk  
  190  26:56  Hydralisk x3  
  190  26:57  Zergling x2  
  190  26:58  Zergling x6  
  190  27:00  Baneling x7  
  199  27:06  Hatchery  
  198  27:10  Zergling x2  
  195  27:18  Spore Crawler  
  195  27:19  Baneling x7  
  179  27:32  Hydralisk  
  179  27:33  Zergling x2, Hydralisk x2  
  179  27:34  Zergling x14  
  188  27:38  Drone  
  188  27:39  Drone x2  
  188  27:44  Overseer x3  
  188  27:59  Drone x3, Extractor  
  188  28:03  Zergling x20  
  199  28:09  Baneling x5  
  167  28:34  Zergling x22  
  157  28:41  Hydralisk  
  157  28:42  Zergling x34  
  157  28:48  Zergling x14, Hydralisk  
  173  29:01  Overseer x2  
  172  29:08  Hatchery, Hydralisk x2  
  172  29:09  Zergling x14  
  180  29:20  Baneling x18  
  179  29:32  Hydralisk  
  179  29:33  Zergling x32  
  179  29:36  Baneling x12  
  179  29:37  Baneling  
  193  29:48  Overseer x2  
  182  30:06  Overlord x2  
  182  30:07  Overlord x3  
  177  30:11  Baneling x2  
  177  30:13  Overlord x2  
  170  30:27  Hatchery  
  169  30:35  Hatchery  

Tags
 
Add a new tag
Caveats
  • Supply blocks, unpowered buildings, or Contaminate may cause inaccurate times.
  • Supply counts are checked every 10 seconds.